 Dungeon Crawl Stone Soup version 0.26.1-11-gd32895ea62 (webtiles) character file.

Game seed: 15887247107717965118

50 infcreate the Sneak (level 3, -5/20 HPs)
             Began as a Vampire Enchanter on June 27, 2021.
             Slain by a gnoll
             ... wielding a +0 whip
              (12 damage)
             ... on level 1 of the Dungeon.
             The game lasted 00:07:11 (1911 turns).

infcreate the Sneak (Vampire Enchanter)             Turns: 1911, Time: 00:07:12

Health: -5/20      AC:  2    Str:  7    XL:     3   Next: 55%
Magic:  0/6        EV: 13    Int: 17    God:
Gold:   73         SH:  0    Dex: 15    Spells: 0/6 levels left

rFire    . . .     SeeInvis +   a - +1 dagger
rCold    + + .     Faith    .   (no shield)
rNeg     + + +     Spirit   .   b - +0 robe
rPois    ∞         Reflect  .   (no helmet)
rElec    .         Harm     .   (no cloak)
rCorr    .         Rampage  .   (no gloves)
Will     .....                  (no boots)
Stlth    +++++.....             (no amulet)
HPRegen  0.00/turn              (no ring)
MPRegen  0.10/turn              (no ring)

@: bloodless
A: fangs 3, see invisible, unbreathing
a: Bat Form, Revivify


You were on level 1 of the Dungeon.
You visited 1 branch of the dungeon, and saw 2 of its levels.

You collected 73 gold pieces.


Innate Abilities, Weirdness & Mutations

You do not regenerate when monsters are visible.
You are frail without blood (-20% HP).
You can heal yourself when you bite living creatures.
You are immune to poison.
You have razor-sharp teeth.
You have supernaturally acute eyesight. (SInv)
You can survive without breathing.


   Skills:
 + Level 0.5 Fighting
 * Level 2.0 Short Blades
 * Level 2.8 Dodging
 * Level 4.9 Stealth
 + Level 0.2 Shields
 + Level 2.1 Spellcasting
 + Level 4.8 Hexes


You couldn't memorise any spells.
You knew the following spells:

 Your Spells              Type           Power        Failure   Level
c - Corona                Hex            20%          2%          1
e - Ensorcelled Hibernat  Hex/Ice        20%          11%         2
t - Confusing Touch       Hex            18%          8%          3

Your spell library contained the following spells:

 Spells                   Type           Power        Failure   Level
 Tukima's Dance           Hex            18%          8%          3
 Dazzling Flash           Conj/Hex       20%          22%         3

Inventory:

Hand Weapons
 a - a +1 dagger (weapon)
Armour
 b - a +0 robe (worn)
 l - a +0 buckler
Scrolls
 d - a scroll of enchant weapon {unknown}
 f - 2 scrolls of identify {unknown}
 g - 2 scrolls of remove curse {unknown}
 i - a scroll of noise {unknown}
 k - a scroll of blinking {unknown}
 n - a scroll of teleportation {unknown}
Potions
 c - a potion of haste {unknown}
 e - a potion of heal wounds {unknown}
 h - a potion of flight {unknown}
 j - a potion of curing {unknown}
 m - a potion of attraction {unknown}
 o - a potion of degeneration {unknown}

Dungeon Overview and Level Annotations

Branches:
Dungeon (2/15)

Altars:
Xom

#..........###.#
#..........###.#
##........###..#
#.........# #.##
#.........# #.#
#.........# #.#
#.........# #.#
#.........# #.#
##.@.....####.#
##.g...###...#
####### #.###
### #.# ###..
##.####...#
#..##...###
#.###.###
###.....#
#...#####


You could see a gnoll.


Message History

You are very lightly contaminated with residual magic.
Nothing appears to happen.
The gnoll barely misses you. The gnoll hits you with a +0 whip.
Your magical contamination has completely faded away.
There is a stone staircase leading up here.
The gnoll hits you with a +0 whip.
* * * LOW HITPOINT WARNING * * *
You climb upwards.
There is a stone staircase leading down here.
Casting: Ensorcelled Hibernation (safe; 11% risk of failure)
Confirm with . or Enter, or press ? or * to list all spells.
Aiming: Ensorcelled Hibernation (safe; 11% risk of failure)
Press: ? - help, Shift-Dir - straight line, f - gnoll
Aim: a gnoll, wielding a +0 whip (lightly wounded, chance to affect: 50%)
The gnoll resists with some effort.
The gnoll misses you.
Casting: Ensorcelled Hibernation (safe; 11% risk of failure)
Confirm with . or Enter, or press ? or * to list all spells.
Aiming: Ensorcelled Hibernation (safe; 11% risk of failure)
Press: ? - help, Shift-Dir - straight line, f/p - gnoll
Aim: a gnoll, wielding a +0 whip (lightly wounded, chance to affect: 50%)
The gnoll resists with some effort.
The gnoll hits you with a +0 whip.
* * * LOW HITPOINT WARNING * * *
Casting: Ensorcelled Hibernation (safe; 11% risk of failure)
Confirm with . or Enter, or press ? or * to list all spells.
Aiming: Ensorcelled Hibernation (safe; 11% risk of failure)
Press: ? - help, Shift-Dir - straight line, f/p - gnoll
Aim: a gnoll, wielding a +0 whip (lightly wounded, chance to affect: 50%)
The gnoll resists with some effort.
The gnoll hits you with a +0 whip!
Ouch! That really hurt!
You die...

Skill      XL: |  1  2  3 |
---------------+----------+-----
Short Blades   | 2 |  2.0
Fighting       | |  0.5
Dodging        | |  2.8
Stealth        | |  4.9
Shields        | |  0.2
Spellcasting   | |  2.1
Hexes          | |  4.8

Action                   || total
-------------------------++-------
Melee: Dagger            ||    47
       Bite              ||     2
 Cast: Corona            ||     8
       Ensorcelled Hiber ||    21
 Abil: Exsanguinate      ||     1
 Stab: Sleeping          ||    21
Armor: Robe              ||     3
Dodge: Dodged            ||    29

Levels and vault maps discovered:
D:1:      tarquinn_simple_flora_water_a, layout_rooms
D:2:      layout_basic, xom_butterflies

Notes
Turn   | Place    | Note
-------+----------+-------------------------------------------
     0 | D:1      | infcreate the Vampire Enchanter began the quest for the
                  | Orb.
     0 | D:1      | Reached XP level 1. HP: 13/13 MP: 3/3
   515 | D:1      | Reached XP level 2. HP: 15/15 MP: 5/5
   518 | D:1      | Learned a level 2 spell: Ensorcelled Hibernation
  1042 | D:2      | Reached XP level 3. HP: 20/20 MP: 6/6
  1046 | D:2      | Learned a level 3 spell: Confusing Touch
  1115 | D:2      | Found a shimmering altar of Xom.
  1355 | D:2      | Reached skill level 2 in Short Blades
  1911 | D:1      | Slain by a gnoll

Vanquished Creatures
  A gnoll (D:2)
  2 oozes (D:2)
  A leopard gecko (D:2)
  A bat (D:2)
  3 giant cockroaches
  3 goblins
  4 hobgoblins
  2 jackals (D:1)
  2 frilled lizards (D:1)
  7 kobolds
  3 rats (D:1)
  A butterfly (D:2)
30 creatures vanquished.

Table legend: (Time is in decaauts)
 A = Elapsed time spent in this place.
 B = Non-inter-level travel time spent in this place.
 C = Inter-level travel time spent in this place.
 D = Time resting spent in this place.
 E = Time spent auto-exploring this place.
 F = Levels seen in this place.
 G = Mean time per level.
                   A        B        C        D        E       F      G
               +--------+--------+--------+--------+--------+-----+--------+
         Total |   1908 |   1764 |    144 |    598 |      0 |   2 |  954.0 |
       Dungeon |   1908 |   1764 |    144 |    598 |      0 |   2 |  954.0 |
               +--------+--------+--------+--------+--------+-----+--------+

Top non-repeatable levels by time:
     D:1: 1142 daAuts
     D:2: 765 daAuts

Table legend:
 A = Non-vault XP
 B = Vault XP
 C = Vault XP percentage of total XP
 D = Non-vault monster count
 E = Vault monster count
 F = Vault count percentage of total count
                 A         B        C        D         E       F
            +---------+---------+-------+---------+---------+-------
      Total |      72 |       0 |   0.0 |      29 |       0 |   0.0
            +---------+---------+-------+---------+---------+-------
        D:1 |      27 |       0 |   0.0 |      17 |       0 |   0.0
        D:2 |      45 |       0 |   0.0 |      12 |       0 |   0.0
            +---------+---------+-------+---------+---------+-------
